 Dungeon Crawl Stone Soup version 0.29.1-15-g9cfb28693d (webtiles) character file.

Game seed: 12017943404267404916

67 TrUlster the Digger (level 3, -2/26 HPs)
             Began as a Demigod Earth Elementalist on Mar 9, 2023.
             Slain by a bullfrog (8 damage)
             ... in a sewer.
             The game lasted 00:20:26 (745 turns).

TrUlster the Digger (Demigod Earth Elementalist)     Turns: 745, Time: 00:20:26

Health: -2/26      AC:  2    Str:  9    XL:     3   Next: 72%
Magic:  1/9        EV: 12    Int: 21    God:
Gold:   30         SH:  0    Dex: 14    Spells: 3/7 levels left

rFire   . . .      SeeInvis .   (no weapon)
rCold   . . .      Faith    .   (no shield)
rNeg    . . .      Spirit   .   a - +0 robe
rPois   .          Reflect  .   (no helmet)
rElec   .          Harm     .   (no cloak)
rCorr   .          Rampage  .   (no gloves)
Will    .....                   (no boots)
Stlth   +.........              (no amulet)
HPRegen 0.08/turn               (no ring)
MPRegen 0.11/turn               (no ring)

@: very slow
A: high MP 1, forlorn, divine attributes
a: no special abilities


You were in a sewer.
You visited 1 branch of the dungeon, and saw 3 of its levels.
You also visited: Sewer.

You collected 30 gold pieces.

Inventory:

Armour
 a - a +0 robe (worn)
 c - a +0 ring mail


   Skills:
 + Level 0.2 Armour
 + Level 1.9 Dodging
 + Level 1.8 Stealth
 + Level 2.5 Spellcasting
 + Level 0.8 Transmutations
 + Level 3.7 Earth Magic


You had 3 spell levels left.
You knew the following spells:

 Your Spells              Type           Power      Damage    Failure   Level
a - Sandblast             Erth           36%        2d10      3%          1
b - Stone Arrow           Conj/Erth      20%        3d8       19%         3

Your spell library contained the following spells:

 Spells                   Type           Power      Damage    Failure   Level
 Passwall                 Tmut/Erth      10%        N/A       9%          2
 Petrify                  Tmut/Erth      12%        N/A       47%         4


Dungeon Overview and Level Annotations

Branches:
Dungeon (3/15)              Sewer (1/1)


Innate Abilities, Weirdness & Mutations

You have an increased reservoir of magic. (+10% MP)
You shall have no god before yourself.
Your divine heritage dramatically boosts your attributes as you level up.


Message History

You kill the giant cockroach!
The bullfrog gives a loud, deep croak!
Casting: Sandblast (safe; 3% risk of failure)
Confirm with . or Enter, or press ? or * to list all spells.
Aiming: Sandblast (safe; 3% risk of failure)
Press: ? - help, Shift-Dir - straight line, f - bullfrog
Aim: a bullfrog (77% to hit)
The blast of sand hits the bullfrog!
The bullfrog is almost dead.
The bullfrog croaks.
Casting: Sandblast (safe; 3% risk of failure)
Confirm with . or Enter, or press ? or * to list all spells.
Aiming: Sandblast (safe; 3% risk of failure)
Press: ? - help, Shift-Dir - straight line, f/p - bullfrog
Aim: a bullfrog (almost dead, 77% to hit)
The blast of sand misses the bullfrog.
The bullfrog misses you.
Casting: Sandblast (safe; 3% risk of failure)
Confirm with . or Enter, or press ? or * to list all spells.
Aiming: Sandblast (safe; 3% risk of failure)
Press: ? - help, Shift-Dir - straight line, f/p - bullfrog
Aim: a bullfrog (almost dead, 77% to hit)
The blast of sand misses the bullfrog.
The bullfrog hits you! The bullfrog misses you. x2
You enter the shallow water.
Moving in this stuff is going to be slow.
The bullfrog hits you. The bullfrog barely misses you.
Casting: Sandblast (safe; 3% risk of failure)
Confirm with . or Enter, or press ? or * to list all spells.
You don't know that spell.
Casting: Sandblast (safe; 3% risk of failure)
Confirm with . or Enter, or press ? or * to list all spells.
Aiming: Sandblast (safe; 3% risk of failure)
Press: ? - help, Shift-Dir - straight line, f/p - bullfrog
Aim: a bullfrog (almost dead, 77% to hit)
The blast of sand hits the bullfrog!
You kill the bullfrog!
The bullfrog hits you!
* * * LOW HITPOINT WARNING * * *
The bullfrog hits you!
You die...

##~~~##~~~~###≈≈≈≈≈###.~~~##~
#~~~~#~~~~##≈≈.~~≈≈≈ ##~~~~#.
##~~~##.~~##≈.~..~~~≈ ##~~~##
#.~~.#~~~.#≈~~.([?.~~ #.~..#
#∩.~~#~~.~#~~.)$?.~~~ #~~.~#
#..~~#~~~~#~~..$~~~~~ #~~.~#
##.~~##~~~#~....~~~.~ ##~~~##
#~.~.#~~†#.~.F....~≈ ##~~~~#.
##.~~##.~##~@#~~~≈≈###~~~.##~
#~~.~##†~#.~#######~~†~~##~~
##~~~~#~~##...~~.~~~~~###~..
##~~~~~~.#..~~†~~~####.~~~~
####~~.#######~∩.#~~~.†.~#
##.~#.~~~~#####††~~####
####~~~~.~~~~~~####~~∩
#~.~#########...†~#
#~.~~~~~~.~~..∩.#


You could see a bullfrog.

Vanquished Creatures
  A bullfrog (Sewer)
  3 adders (Sewer)
  6 ball pythons
  3 endoplasms
  7 giant cockroaches (Sewer)
  4 jackals (D:1)
  5 quokkas
  10 frilled lizards (Sewer)
  A rat (D:1)
40 creatures vanquished.

Notes
Turn   | Place    | Note
-------+----------+-------------------------------------------
     0 | D:1      | TrUlster the Demigod Earth Elementalist began the quest for
                  | the Orb.
     0 | D:1      | Reached XP level 1. HP: 14/14 MP: 5/5
   188 | D:1      | Reached skill level 3 in Earth Magic
   309 | D:3      | Found a glowing drain.
   313 | D:3      | Reached XP level 2. HP: 20/20 MP: 5/7
   320 | Sewer    | Entered a sewer
   503 | Sewer    | Reached XP level 3. HP: 13/26 MP: 1/8
   513 | Sewer    | Learned a level 3 spell: Stone Arrow
   737 | Sewer    | Noticed a bullfrog
   738 | Sewer    | Noticed a bullfrog
   745 | Sewer    | Killed a bullfrog
   745 | Sewer    | Slain by a bullfrog

Illustrated notes

Levels and vault maps discovered:
D:1:      reono_arrival_forest_river, layout_basic,
          dreamdust_ecumenical_altar_grove
D:2:      layout_rooms, uniq_crazy_yiuf_cottage, uniq_robin
D:3:      layout_loops_ring, cheibrodos_sewer_entry_drain, columned_hall_lemuel,
          kennysheep_generic_room_14, uniq_grinder
Sewer:    sewer_frog_island_02

Skill      XL: |  1  2 |
---------------+-------+-----
Earth Magic    | 3 |  3.7
Spellcasting   | 2 |  2.5
Armour         | |  0.2
Dodging        | |  1.9
Stealth        | |  1.8
Transmutations | |  0.8

Action                   || total
-------------------------++-------
Melee: Unarmed           ||     9
 Cast: Sandblast         ||    60
  Use: Scroll            ||     3
       Potion            ||     2
Armor: Ring mail         ||    25
       Robe              ||     1
Dodge: Dodged            ||    44
